 Dungeon Crawl Stone Soup version 0.28.0-45-g0d030f2227 (webtiles) character file.

Game seed: 14124646142378358856

1526 dohliylev the Covert (level 8, -2/37 HPs)
             Began as a Spriggan Enchanter on May 9, 2022.
             Slain by Prince Ribbit (4 damage)
             ... on level 6 of the Dungeon.
             The game lasted 00:20:48 (7015 turns).

dohliylev the Covert (Spriggan Enchanter)           Turns: 7015, Time: 00:20:49

Health: -2/37      AC:  3    Str:  4    XL:     8   Next: 54%
Magic:  17/18      EV: 20    Int: 25    God:
Gold:   265        SH:  5    Dex: 15    Spells: 12/20 levels left

rFire   . . .      SeeInvis +   q - +0 dagger (elec)
rCold   . . .      Faith    .   o - +0 buckler
rNeg    . . .      Spirit   .   b - +0 robe
rPois   .          Reflect  .   (helmet restricted)
rElec   .          Harm     .   p - +0 cloak
rCorr   .          Rampage  .   (gloves unavailable)
Will    +....                   (boots unavailable)
Stlth   ++++......              (no amulet)
HPRegen 0.12/turn               B - +4 ring of evasion
MPRegen 0.16/turn               v - +6 ring of intelligence

@: very quick
A: very small, no large weapons, unfitting armour, see invisible, speed 3
a: no special abilities


You were on level 6 of the Dungeon.
You visited 1 branch of the dungeon, and saw 6 of its levels.

You collected 265 gold pieces.

Inventory:

Hand Weapons
 q - a +0 dagger of electrocution (weapon)
 r - the +7 whip of Ralinile {flame, *Noise Fragile rPois rC+++}
   (You found it on level 3 of the Dungeon)

   It burns those it strikes, dealing additional fire damage.
   rC:        It renders you almost immune to cold.
   rPois:     It protects you from poison.
   *Noise:    It may make noises in combat.
   Fragile:   It will be destroyed if unequipped.
 t - a +1 dagger of flaming
 F - the +9 falchion of Echiawn {protect, rCorr Str+7}
   (You found it on level 6 of the Dungeon)

   It grants its wielder temporary protection when it strikes (+7 to AC).
   Str:       It affects your strength (+7).
   rCorr:     It protects you from acid and corrosion.
Armour
 b - a +0 robe (worn)
 o - a +0 buckler (worn)
 p - a +0 cloak (worn)
 E - +0 steam dragon scales
Magical Staves
 y - a staff of air
Jewellery
 g - a ring of magical power
 v - a +6 ring of intelligence (right hand)
 B - a +4 ring of evasion (left hand)
 D - a +6 ring of intelligence
Scrolls
 a - 4 scrolls of torment {unknown}
 e - 2 scrolls of noise {unknown}
 f - 2 scrolls of enchant weapon {unknown}
 h - 4 scrolls of enchant armour {unknown}
 j - 6 scrolls of identify {unknown}
 l - a scroll of vulnerability {unknown}
 n - 2 scrolls of immolation {unknown}
 s - 2 scrolls of brand weapon {unknown}
 u - a scroll of blinking {unknown}
 x - a scroll of magic mapping {unknown}
 z - a scroll of amnesia {unknown}
 A - a scroll of teleportation {unknown}
Potions
 c - a potion of invisibility
 d - a potion of might {unknown}
 i - 3 potions of resistance {unknown}
 k - 2 potions of curing {unknown}
 m - 2 potions of magic {unknown}
 w - a potion of haste {unknown}
 C - a potion of attraction {unknown}


   Skills:
 + Level 0.4 Fighting
 + Level 3.0 Short Blades
 + Level 3.6 Dodging
 + Level 9.7 Stealth
 + Level 0.4 Shields
 + Level 6.5 Spellcasting
 + Level 7.3 Hexes
 + Level 3.1 Ice Magic


You had 12 spell levels left.
You knew the following spells:

 Your Spells              Type           Power      Damage    Failure   Level
a - Ensorcelled Hibernat  Hex/Ice        68%        N/A       2%          2
b - Confusing Touch       Hex            44%        N/A       2%          3
c - Tukima's Dance        Hex            44%        N/A       2%          3

Your spell library contained the following spells:

 Spells                   Type           Power      Damage    Failure   Level
 Dazzling Flash           Conj/Hex       52%        N/A       11%         3
 Iskenderun's Mystic Bla  Conj/Tloc      8%         2d4       83%         4
 Starburst                Conj/Fire      4%         6d3       100%        6


Dungeon Overview and Level Annotations

Branches:
Dungeon (6/15)
 Temple: D:4-7

Altars:
Okawaru
Zin

Shops:
D:5 (

Annotations:
D:6 Prince Ribbit


Innate Abilities, Weirdness & Mutations

You are very small and have problems with some larger weapons.
You are too small for most types of armour.
You have supernaturally acute eyesight. (SInv)
You cover ground extremely quickly. (Speed+++)


Message History

Aiming: Ensorcelled Hibernation (safe; 2% risk of failure)
Press: ? - help, Shift-Dir - straight line, f/p - scorpion
Aim: a scorpion (chance to affect: 62%)
The scorpion resists with significant effort.
Casting: Ensorcelled Hibernation (safe; 2% risk of failure)
Confirm with . or Enter, or press ? or * to list all spells.
Aiming: Ensorcelled Hibernation (safe; 2% risk of failure)
Press: ? - help, Shift-Dir - straight line, f/p - scorpion
Aim: a scorpion (chance to affect: 62%)
The scorpion resists with significant effort.
Casting: Ensorcelled Hibernation (safe; 2% risk of failure)
Confirm with . or Enter, or press ? or * to list all spells.
Aiming: Ensorcelled Hibernation (safe; 2% risk of failure)
Press: ? - help, Shift-Dir - straight line, f/p - scorpion
Aim: a scorpion (chance to affect: 62%)
The scorpion looks drowsy...
The helpless scorpion fails to defend itself.
You stick the scorpion like a pincushion!!!
You kill the scorpion!
You start resting.
Magic restored.
Prince Ribbit gives a loud, deep croak!
Casting: Ensorcelled Hibernation (safe; 2% risk of failure)
Confirm with . or Enter, or press ? or * to list all spells.
Your hands begin to glow red.
Prince Ribbit croaks regally.
Prince Ribbit barely misses you.
You closely miss Prince Ribbit. Prince Ribbit hits you.
You hit Prince Ribbit but do no damage. Prince Ribbit hits you!
You block Prince Ribbit's attack.
You closely miss Prince Ribbit. Prince Ribbit hits you!
You hit Prince Ribbit but do no damage. Prince Ribbit hits you!
* * * LOW HITPOINT WARNING * * *
Prince Ribbit closely misses you.
Prince Ribbit blinks!
Your hands stop glowing.
Prince Ribbit sighs, "It's not easy being green!"
Prince Ribbit blinks!
Prince Ribbit hits you.
You die...

...#....#..........#.........#
...+....#..........#.....[...#
...#....#..........#.........#
...#....#..........#.........#
..##....#..........#.........#
..##....#..........#.........#
..).....#..........#.........#
..##...##...####'#...........#
..##...##...#...@.#####......#
..##...#....#..F..# #......#
..##...'....#.....# #......#
...#...#....#.....# #......#
..#######...#.....# #......#
..##...##...#.....# #......#
..).........#.....# #......#
.......##...#....ยง#####......#
.......#######+#......########


You could see Prince Ribbit.

Vanquished Creatures
  Maggie (D:6)
  Menkaure (D:4)
  A water moccasin (D:6)
  A black bear (D:5)
  A necrophage (D:4)
  Blork the orc (D:4)
  A gnoll sergeant (D:4)
  2 bullfrogs
  2 scorpions
  A bullfrog zombie (D:5)
  2 hounds (D:4)
  2 orc priests (D:4)
  Crazy Yiuf (D:2)
  A centaur skeleton (D:4)
  3 iguanas (D:4)
  2 orc wizards (D:4)
  A hound zombie (D:5)
  2 adders
  A white imp (D:6)
  An adder skeleton (D:4)
  2 worms
  2 dart slugs
  7 orcs
  5 endoplasms
  2 giant cockroaches
  8 goblins
  7 hobgoblins
  7 kobolds
  2 quokkas
  2 ball pythons (D:3)
  4 bats
  16 frilled lizards
  7 rats
99 creatures vanquished.

Vanquished Creatures (collateral kills)
  An orc priest (D:6)
  An adder (D:6)
  An orc (D:4)
3 creatures vanquished.

Vanquished Creatures (others)
  5 plants (D:2)
5 creatures vanquished.

Grand Total: 107 creatures vanquished

Notes
Turn   | Place    | Note
-------+----------+-------------------------------------------
     0 | D:1      | dohliylev the Spriggan Enchanter began the quest for the
                  | Orb.
     0 | D:1      | Reached XP level 1. HP: 9/9 MP: 5/5
   606 | D:1      | Found a faded altar of an unknown god.
   613 | D:1      | Reached XP level 2. HP: 13/13 MP: 7/7
   616 | D:1      | Learned a level 2 spell: Ensorcelled Hibernation
   637 | D:1      | Reached skill level 5 in Stealth
  1431 | D:2      | Reached XP level 3. HP: 16/16 MP: 8/8
  1959 | D:2      | Found a runed translucent door.
  1960 | D:2      | Noticed Crazy Yiuf
  2586 | D:2      | Killed Crazy Yiuf
  2587 | D:2      | Reached skill level 6 in Stealth
  2587 | D:2      | Reached XP level 4. HP: 21/21 MP: 9/9
  3211 | D:3      | Identified the +7 whip of Ralinile {flame, *Noise Fragile
                  | rPois rC+++}
  3777 | D:4      | Noticed a necrophage
  3777 | D:4      | Found an iron altar of Okawaru.
  3779 | D:4      | Killed a necrophage
  3780 | D:4      | Reached skill level 1 in Ice Magic
  3780 | D:4      | Reached XP level 5. HP: 24/24 MP: 11/11
  3804 | D:4      | Reached skill level 7 in Stealth
  3932 | D:4      | Reached XP level 6. HP: 28/28 MP: 5/13
  4040 | D:4      | Learned a level 3 spell: Confusing Touch
  4047 | D:4      | Reached skill level 5 in Hexes
  4052 | D:4      | HP: 1/28 [centaur skeleton (2)]
  4364 | D:4      | Found a glowing silver altar of Zin.
  4384 | D:4      | Noticed Menkaure
  4398 | D:4      | Killed Menkaure
  4438 | D:4      | Reached skill level 8 in Stealth
  4644 | D:4      | Reached XP level 7. HP: 32/32 MP: 15/15
  4648 | D:4      | Learned a level 3 spell: Tukima's Dance
  4988 | D:4      | Noticed Blork the orc
  5591 | D:4      | Killed Blork the orc
  5592 | D:4      | Reached skill level 5 in Spellcasting
  5678 | D:5      | Entered Level 5 of the Dungeon
  6265 | D:5      | Found Voap's Weapon Emporium.
  6384 | D:6      | Reached XP level 8. HP: 7/37 MP: 17/17
  6851 | D:6      | Noticed Maggie
  6862 | D:6      | Killed Maggie
  6863 | D:6      | Reached skill level 9 in Stealth
  6905 | D:6      | Identified the +9 falchion of Echiawn {protect, rCorr
                  | Str+7}
  6907 | D:6      | Noticed Prince Ribbit
  6997 | D:6      | HP: 1/37 [Prince Ribbit (13)]
  7015 | D:6      | Slain by Prince Ribbit

Illustrated notes

Levels and vault maps discovered:
D:1:      matt_arrival_diagonals, layout_loops_ring,
          ebering_ecumenical_altar_mist
D:2:      layout_basic, kennysheep_another_room, minmay_lizard_king,
          uniq_crazy_yiuf_cottage
D:3:      layout_basic
D:4:      cheibrodos_barr_body, layout_gridville, old_standard_altar,
          mainiacjoe_overflow_catwalk, uniq_blork_the_orc, uniq_menkaure
D:5:      layout_loops_ring, serial_shops, shop, minmay_curled_crystal,
          minmay_strange_pillars
D:6:      layout_gridville, uniq_eustachio, uniq_prince_ribbit1, uniq_maggie

Skill      XL: |  1  2  3  4  5  6  7  8 |
---------------+-------------------------+-----
Spellcasting   | 3 4 5 6 |  6.5
Stealth        | 5 6 7 8 9 |  9.7
Hexes          | 4 5 6 7 |  7.3
Dodging        | 3 |  3.6
Ice Magic      | 1 2 3 |  3.1
Short Blades   | 2 3 |  3.0
Fighting       | |  0.4
Shields        | |  0.4

Action                   |  1- 3 |  4- 6 |  7- 9 || total
-------------------------+-------+-------+-------++-------
Melee: Dagger            |    78 |    52 |    59 ||   189
       Punch             |       |     1 |       ||     1
 Cast: Ensorcelled Hiber |    37 |    43 |    37 ||   117
       Confusing Touch   |       |     3 |     7 ||    10
       Tukima's Dance    |       |       |     4 ||     4
 Stab: Sleeping          |    30 |    24 |    15 ||    69
       Distracted        |     1 |     2 |     2 ||     5
       Confused          |       |     1 |     4 ||     5
Armor: Robe              |     5 |     6 |     4 ||    15
Dodge: Dodged            |    46 |    38 |    25 ||   109
Block: Buckler           |     1 |       |    11 ||    12
